 Dungeon Crawl Stone Soup version 0.32-a0-893-gf85d74f360 (webtiles) character file.

Game seed: 11486169894748678497

11 Blueant the Digger (level 2, 0/15 HPs)
             Began as a Deep Elf Earth Elementalist on Apr 3, 2024.
             Was a Follower of Qazlal.
             Slain by a jackal (3 damage)
             ... on level 1 of the Dungeon.
             The game lasted 00:01:36 (164 turns).

Blueant the Digger (Deep Elf Earth Elementalist)     Turns: 164, Time: 00:01:37

Health: 0/15       AC:  2    Str:  5    XL:     2   Next: 13%
Magic:  1/8        EV: 11    Int: 19    God:    Qazlal [*.....]
Gold:   18         SH:  2    Dex: 15    Spells: 6/7 levels left

rFire   . . .        (no weapon)
rCold   . . .        (no shield)
rNeg    . . .        a - +0 robe
rPois   .            (no helmet)
rElec   .            (no cloak)
rCorr   .            (no gloves)
SInv    .            (no boots)
Will    .....        (no amulet)
Stlth   ++           (no ring)
HPRegen 0.22/turn    (no ring)
MPRegen 0.11/turn

%: no passive effects
@: no status effects
A: no striking features
a: Renounce Religion


You were on level 1 of the Dungeon.
You worshipped Qazlal.
Qazlal was aware of your devotion.
You visited 1 branch of the dungeon, and saw 1 of its levels.

You collected 18 gold pieces.

Inventory:

Armour
 a - a +0 robe (worn)
Potions
 b - a potion of magic
 c - a potion of might {unknown}
 d - a potion of enlightenment {unknown}
 e - a potion of brilliance {unknown}


   Skills:
 + Level 2.6 Dodging
 - Level 2.5 Stealth
 + Level 3.2 Spellcasting
 + Level 1.4 Conjurations
 + Level 3.4 Earth Magic
 + Level 0.4 Invocations


You had 6 spell levels left.
You knew the following spells:

 Your Spells              Type           Power      Damage    Failure   Level
a - Sandblast             Erth           32%        2d9       3%          1

Your spell library contained the following spells:

 Spells                   Type           Power      Damage    Failure   Level
 Passwall                 Erth           16%        N/A       11%         3
 Stone Arrow              Conj/Erth      24%        3d8       16%         3
 Brom's Barrelling Bould  Conj/Erth      12%        2d4       47%         4
 Petrify                  Alch/Erth      9%         N/A       58%         4


Dungeon Overview and Level Annotations

Branches:
Dungeon (1/15)

Altars:
Qazlal


Message History

You hit the jackal but do no damage.
The jackal is heavily wounded.
The jackal misses you. The jackal barely misses you.
You barely miss the jackal.
The jackal is heavily wounded.
The jackal closely misses you.
You hit the jackal.
The jackal is severely wounded.
The jackal closely misses you. x2
You hit the jackal but do no damage.
The jackal is severely wounded.
The jackal bites you.
You hit the jackal but do no damage.
The jackal is severely wounded.
The jackal barely misses you.
You hit the jackal.
The jackal is almost dead.
The jackal barely misses you. The jackal closely misses you.
You barely miss the jackal.
The jackal is almost dead.
The jackal closely misses you.
You closely miss the jackal.
The jackal is almost dead.
The jackal closely misses you.
The jackal bites you but does no damage.
You barely miss the jackal.
The jackal is almost dead.
The jackal bites you.
You closely miss the jackal.
The jackal is almost dead.
The jackal misses you.
You hit the jackal but do no damage.
The jackal is almost dead.
The jackal bites you.
* * * LOW HITPOINT WARNING * * *
The jackal closely misses you.
You hit the jackal but do no damage.
The jackal is almost dead.
The jackal bites you.
You die...

....#........#
#.......?...#
#...........#
#.......†...#
###..........#
#.......†....#
#.........g..# .. .
#.........h####....
###.....###@.......
###......§.......
#.†............
####..............
#.................
#...............#.
#...##....##......
#... #....##.##.##
##...##............


You could see a jackal and a goblin.

Vanquished Creatures
  An endoplasm (D:1)
  2 jackals (D:1)
  A kobold (D:1)
  A quokka (D:1)
  A bat (D:1)
  A frilled lizard (D:1)
  A goblin (D:1)
  3 rats (D:1)
11 creatures vanquished.

Notes
Turn   | Place    | Note
-------+----------+-------------------------------------------
     0 | D:1      | Blueant the Deep Elf Earth Elementalist began the quest for
                  | the Orb.
     0 | D:1      | Reached XP level 1. HP: 10/10 MP: 6/6
    65 | D:1      | Found a faded altar of an unknown god.
    92 | D:1      | Prayed at the altar of an unknown god.
    92 | D:1      | Became a worshipper of Qazlal Stormbringer
    92 | D:1      | Reached * piety under Qazlal
   141 | D:1      | Reached XP level 2. HP: 15/15 MP: 1/8
   164 | D:1      | Slain by a jackal

Illustrated notes

Levels and vault maps discovered:
D:1:      psy_arrival_statuary, layout_basic, chequers_ecumenical_altar_island

Action                     || total
---------------------------++-------
  Melee: Unarmed           ||    16
   Cast: Sandblast         ||    14
 Armour: Robe              ||    11
  Dodge: Dodged            ||    16

Table legend: (Time is in decaauts)
 A = Elapsed time spent in this place.
 B = Non-inter-level travel time spent in this place.
 C = Inter-level travel time spent in this place.
 D = Time resting spent in this place.
 E = Time spent auto-exploring this place.
 F = Levels seen in this place.
 G = Mean time per level.
                   A        B        C        D        E       F      G
               +--------+--------+--------+--------+--------+-----+--------+
         Total |    177 |    152 |     25 |      0 |     80 |   1 |  177.0 |
       Dungeon |    177 |    152 |     25 |      0 |     80 |   1 |  177.0 |
               +--------+--------+--------+--------+--------+-----+--------+

Top non-repeatable levels by time:
     D:1: 177 daAuts
